 Dungeon Crawl Stone Soup version 0.31-a0-222-gefeffbb62a (webtiles) character file.

Game seed: 6341096918537233950

924 qw the Shooter (level 8, 0/48 HPs)
             Began as a Gargoyle Hexslinger on July 5, 2023.
             Was an Initiate of Okawaru.
             Slain by an iguana (6 damage)
             ... on level 5 of the Dungeon.
             The game lasted 00:01:49 (4260 turns).

qw the Shooter (Gargoyle Hexslinger)                Turns: 4260, Time: 00:01:49

Health: 0/48       AC: 14    Str: 12    XL:     8   Next: 10%
Magic:  9/9        EV: 10    Int: 14    God:    Okawaru [......]
Gold:   251        SH:  0    Dex: 14    Spells: 8/9 levels left

rFire   . . .        Y - +1 sling (freeze)
rCold   . . .        (no shield)
rNeg    + . .        a - +0 ring mail
rPois   inf          e - +0 helmet
rElec   +            h - +0 cloak
rCorr   .            (no gloves)
SInv    .            d - +0 pair of boots
Will    .....        (no amulet)
Stlth   +            (no ring)
HPRegen 0.28/turn    (no ring)
MPRegen 0.11/turn

%: no passive effects
@: no status effects
A: sickness immunity, AC +5, negative energy resistance 1, electricity
resistance, torment resistance 1, petrification resistance
a: Renounce Religion


You were on level 5 of the Dungeon.
You worshipped Okawaru.
Okawaru was noncommittal.
You visited 1 branch of the dungeon, and saw 6 of its levels.
You also visited: Sewer.

You collected 251 gold pieces.


Innate Abilities, Weirdness & Mutations

You are immune to sickness and miasma.
Your stone body is resilient. (AC +5)
You are immune to poison.
You resist negative energy. (rN+)
You are resistant to electric shocks. (rElec)
You are resistant to unholy torment.
You are immune to petrification.


   Skills:
 - Level 4.3 Fighting
 + Level 7.6 Ranged Weapons
 - Level 2.1 Armour
 - Level 1.5 Dodging
 - Level 1.0 Spellcasting
 - Level 2.6 Hexes
 - Level 2.0 Invocations


You had 8 spell levels left.
You knew the following spells:

 Your Spells              Type           Power      Damage    Failure   Level
a - Slow                  Hex            32%        N/A       19%         1

Your spell library contained the following spells:

 Spells                   Type           Power      Damage    Failure   Level
 Inner Flame              Hex/Fire       4%         N/A       69%         3
 Portal Projectile        Hex/Tloc       8%         N/A       69%         3
 Cause Fear               Hex            4%         N/A       88%         4

Inventory:

Hand Weapons
 Y - a +1 sling of freezing (weapon)
Armour
 a - a +0 ring mail (worn)
 d - a +0 pair of boots (worn)
 e - a +0 helmet (worn)
 h - a +0 cloak (worn)
Scrolls
 i - a scroll of identify
Potions
 b - a potion of haste
 c - a potion of curing
 f - a potion of might {unknown}
 g - a potion of heal wounds {unknown}
 j - a potion of cancellation {unknown}
 k - a potion of enlightenment {unknown}
 m - a potion of attraction {unknown}

Dungeon Overview and Level Annotations

Branches:
Dungeon (6/15)             Temple (0/1) D:5           Sewer (visited)

Altars:
Elyvilon
Okawaru


Message History

The iguana bites you!
The centaur hits you but does no damage.
The centaur barely misses you.
You shoot a sling bullet. The sling bullet hits the centaur.
The sling bullet freezes the centaur.
The centaur is heavily wounded.
The centaur hits you.
The centaur kicks you but does no damage.
The iguana bites you.
You shoot a sling bullet.
The sling bullet barely misses the centaur.
The centaur misses you.
The centaur kicks you but does no damage.
The iguana closely misses you.
The centaur hits you but does no damage.
The centaur kicks you.
You shoot a sling bullet. The sling bullet hits the centaur!
The sling bullet freezes the centaur.
You kill the centaur!
Okawaru accepts your kill.
The iguana bites you but does no damage.
You shoot a sling bullet. The sling bullet hits the iguana.
The sling bullet freezes the iguana.
The iguana is moderately wounded.
The iguana bites you.
You shoot a sling bullet.
The sling bullet barely misses the iguana.
The iguana bites you but does no damage.
You shoot a sling bullet.
The sling bullet hits the iguana but does no damage.
The iguana is moderately wounded.
The iguana closely misses you. The iguana barely misses you.
You shoot a sling bullet.
The sling bullet closely misses the iguana.
The iguana bites you.
You shoot a sling bullet. The sling bullet hits the iguana!
The sling bullet freezes the iguana.
The iguana is almost dead.
The iguana bites you.
You die...

####..###.............#
###.# ##.#..##
##...........####...#
...#..#
##........#####....#
.....##
##......####......#
.....#
##.?..###........#
....##
##..##..........# ....#
###....#.......# ....#
###)).##........# ....#
###.l@###.........#
....#
###...####..........#
....# ###...###
#..........#
....####...###
#.........##
....##...###
##......### .......###
######## ......## ####
....### ##..## ...##
#....##


You could see an iguana.

Vanquished Creatures
  2 water moccasins
  An ogre (D:5)
  A centaur (D:5)
  A phantom (D:5)
  A scorpion (D:5)
  4 hounds (D:5)
  3 iguanas (D:5)
  2 sleepcaps (D:5)
  Robin (D:2)
  3 adders
  3 gnolls (D:5)
  2 river rats (D:3)
  A worm (D:3)
  A dart slug (D:1)
  7 orcs
  A ball python (D:3)
  4 endoplasms
  4 giant cockroaches
  11 goblins
  10 hobgoblins
  3 jackals (D:4)
  8 kobolds
  A quokka (D:1)
  8 bats
  3 frilled lizards
  4 rats
90 creatures vanquished.

Notes
Turn   | Place    | Note
-------+----------+-------------------------------------------
     0 | D:1      | qw the Gargoyle Hexslinger began the quest for the Orb.
     0 | D:1      | Reached XP level 1. HP: 12/12 MP: 2/2
     0 | D:1      | 0 ||| qw: Version: 0.3-a-46-gb1f654a
     0 | D:1      | 0 ||| qw: Game counter: 981
     0 | D:1      | 0 ||| qw: Melee chars always use a shield: true
     0 | D:1      | 0 ||| qw: God list: Okawaru
     0 | D:1      | 0 ||| qw: Allow faded altars: false
     0 | D:1      | 0 ||| qw: Do Orc after clearing Dungeon:15 true
     0 | D:1      | 0 ||| qw: Do second Lair branch before Depths: true
     0 | D:1      | 0 ||| qw: Lair rune preference: random
     0 | D:1      | 0 ||| qw: Goals: Normal
     0 | D:1      | 0 ||| PLANNING D:1-11
   191 | D:1      | You fall into a shaft and drop 1 floor!
   203 | D:2      | Reached XP level 2. HP: 16/16 MP: 3/3
   228 | D:2      | 228 ||| UPGRADING to +0 pair of boots.
   233 | D:2      | 233 ||| READING scroll labelled REXOCIE LUMI.
   234 | D:2      | 234 ||| READING scroll labelled QATEIC HITOCWE.
   235 | D:2      | 235 ||| READING scroll labelled PEIDUL BEFA.
   236 | D:2      | 236 ||| DRINKING 2 gluggy clear potions.
   237 | D:2      | 237 ||| DROPPING scroll of poison.
   238 | D:2      | 238 ||| DROPPING potion of degeneration.
   368 | D:1      | Reached skill level 3 in Ranged Weapons
   457 | D:1      | 457 ||| READING scroll of brand weapon.
   457 | D:1      | 457 ||| BRANDING +1 sling of flaming.
   573 | D:1      | Reached XP level 3. HP: 21/21 MP: 4/4
   776 | D:1      | 776 ||| UPGRADING to +0 ring mail.
   786 | D:1      | 786 ||| DROPPING +0 robe.
   852 | D:2      | Found a faded altar of an unknown god.
   916 | D:2      | Noticed Robin
   923 | D:2      | Killed Robin
   924 | D:2      | Reached skill level 1 in Armour
  1180 | D:2      | 1180 ||| UPGRADING to +0 helmet.
  1185 | D:2      | 1185 ||| READING scroll labelled OQOPUI ENISTRI.
  1186 | D:2      | 1186 ||| READING scroll labelled JONUOPOJETH.
  1203 | D:3      | 1203 ||| PLANNING SEWER
  1432 | D:3      | Reached XP level 4. HP: 19/26 MP: 5/5
  1569 | D:3      | Found a glowing drain.
  1571 | D:3      | 1571 ||| UPGRADING to +0 cloak.
  1576 | D:3      | 1576 ||| READING scroll labelled HEAZXILANO.
  1577 | D:3      | 1577 ||| READING scroll labelled DOJEBB NAGAUVE.
  1678 | D:3      | 1678 ||| READING scroll labelled KORGHE RUUCK.
  1686 | Sewer    | Entered a sewer
  1718 | Sewer    | Noticed a water moccasin
  1733 | Sewer    | Killed a water moccasin
  1734 | Sewer    | Reached skill level 5 in Ranged Weapons
  1734 | Sewer    | Reached XP level 5. HP: 14/30 MP: 6/6
  1837 | D:3      | 1837 ||| PLANNING D:1-11
  2086 | D:3      | 2086 ||| READING scroll labelled MIGIPN OGOMP.
  2087 | D:3      | 2087 ||| READING 2 scrolls of identify.
  2087 | D:3      | 2087 ||| IDENTIFYING red potion
  2449 | D:4      | Found a white marble altar of Elyvilon.
  2549 | D:4      | 2549 ||| Stepping ~*~*~tactically~*~*~ (outnumbered).
  2575 | D:4      | Reached XP level 6. HP: 34/36 MP: 7/7
  2584 | D:4      | Found an iron altar of Okawaru.
  2585 | D:4      | 2585 ||| PLANNING OKAWARU WORSHIP
  2585 | D:4      | 2585 ||| READING scroll labelled LIOQOEZUQO.
  2615 | D:4      | Became a worshipper of Warmaster Okawaru
  2616 | D:4      | 2616 ||| PLANNING D:1-11
  2777 | D:5      | Entered Level 5 of the Dungeon
  2790 | D:5      | Found a staircase to the Ecumenical Temple.
  2819 | D:5      | Reached skill level 3 in Fighting
  2964 | D:5      | Noticed a water moccasin
  2990 | D:5      | Killed a water moccasin
  3040 | D:5      | Reached skill level 6 in Ranged Weapons
  3082 | D:5      | Reached XP level 7. HP: 38/41 MP: 8/8
  3265 | D:5      | Reached * piety under Okawaru
  3312 | D:5      | Reached skill level 1 in Invocations
  3340 | D:5      | Identified the +0 robe of Pan-Flutes {+Inv Str+3}
  3603 | D:5      | 3603 ||| INVOKING Heroism.
  3689 | D:5      | 3689 ||| INVOKING Heroism.
  3935 | D:5      | 3935 ||| DROPPING +0 robe of Pan-Flutes {+Inv Str+3}.
  3936 | D:5      | 3936 ||| DRINKING 2 yellow potions.
  3962 | D:6      | 3962 ||| STAIRDANCE
  4000 | D:6      | 4000 ||| STAIRDANCE
  4002 | D:5      | 4002 ||| INVOKING Heroism.
  4006 | D:5      | HP: 7/44 [ogre/+0 giant club (15)]
  4008 | D:5      | Reached skill level 7 in Ranged Weapons
  4143 | D:6      | 4143 ||| STAIRDANCE
  4151 | D:5      | Reached XP level 8. HP: 23/48 MP: 9/9
  4243 | D:6      | 4243 ||| STAIRDANCE
  4253 | D:5      | HP: 12/48 [iguana (2)]
  4259 | D:5      | HP: 5/48 [iguana (2)]
  4260 | D:5      | Slain by an iguana

Levels and vault maps discovered:
D:1:      dpeg_arrival_boxes_within_box, layout_loops_ring,
          hangedman_decor_push, nicolae_houndstooth_variations
D:2:      layout_basic, shapermc_ecumenical_altar_notcrosses, uniq_robin
D:3:      layout_loops_ring, portal_sewer_entry_b
D:4:      layout_cave_pools, okawaru_altar_gauntlet_db,
          nicolae_elyvilon_peaceful_grove
D:5:      layout_cave_pods, minmay_temple_entry_large_hall
D:6:      layout_cave_pools, hex_tiny, uniq_pikel

Skill      XL: |  1  2  3  4  5  6  7 |
---------------+----------------------+-----
Ranged Weapons | 3 5 6 7 |  7.6
Fighting       | 2 3 4 |  4.3
Armour         | 1 2 |  2.1
Invocations    | 2 |  2.0
Dodging        | |  1.5
Spellcasting   | |  1.0
Hexes          | |  2.6

Action                     |  1- 3 |  4- 6 |  7- 9 || total
---------------------------+-------+-------+-------++-------
   Fire: Sling             |    98 |   194 |   122 ||   414
 Invoke: Heroism           |       |       |     3 ||     3
    Use: Scroll            |     6 |     6 |       ||    12
         Potion            |     1 |       |     1 ||     2
 Armour: Robe              |     5 |       |       ||     5
         Ring mail         |    13 |    81 |    59 ||   153
  Dodge: Dodged            |    12 |   103 |    63 ||   178

Table legend:
 A = Non-vault XP
 B = Vault XP
 C = Vault XP percentage of total XP
 D = Non-vault monster count
 E = Vault monster count
 F = Vault count percentage of total count
                 A         B        C        D         E       F
            +---------+---------+-------+---------+---------+-------
      Total |    1105 |     215 |  16.3 |      66 |      24 |  26.7
            +---------+---------+-------+---------+---------+-------
        D:1 |      38 |       0 |   0.0 |      22 |       0 |   0.0
        D:2 |       8 |      28 |  77.8 |       5 |       8 |  61.5
        D:3 |      16 |      30 |  65.2 |       7 |       5 |  41.7
        D:4 |      42 |      15 |  26.3 |      10 |       6 |  37.5
        D:5 |    1001 |       0 |   0.0 |      22 |       0 |   0.0
      Sewer |       0 |     142 | 100.0 |       0 |       5 | 100.0
            +---------+---------+-------+---------+---------+-------
